 Dungeon Crawl Stone Soup version 0.27-a0-1416-g941b2bd30b (webtiles) character file.

Game seed: 9990701374501951396

35474 Brandom the Fighter (level 13, -3/128 HPs)
             Began as an Octopode Transmuter on July 1, 2021.
             Was a High Priest of Lugonu.
             Shot with an arrow by a centaur warrior (16 damage)
             ... on level 14 of the Dungeon.
             The game lasted 01:18:25 (17933 turns).

Brandom the Fighter (Octopode Transmuter)          Turns: 17933, Time: 01:18:26

Health: -3/128     AC:  9    Str:  9    XL:     13   Next: 84%
Magic:  14/20      EV: 17    Int: 21    God:    Lugonu [*****.]
Gold:   2181       SH:  5    Dex: 12    Spells: 4/18 levels left

rFire    . . .     SeeInvis .     - Unarmed
rCold    + + +     Faith    .   (shield currently unavailable)
rNeg     + . .     Spirit   .   (helmet currently unavailable)
rPois    +         Reflect  +   y - amulet of reflection
rElec    .         Harm     .   a - ring of flight
rCorr    .         Rampage  .   b - ring of flight
Will     +....                  o - ring of positive energy
Stlth    +.........             l - +4 ring of evasion
HPRegen  1.31/turn              C - ring of protection from cold
MPRegen  0.17/turn              G - ring of protection from fire
                                S - ring of willpower
                                (no ring)

@: ice-form, flying
A: freezing attack, boosted hp, almost no armour, amphibious, 8 rings, large,
(camouflage 1), (gelatinous body 1), (nimble swimmer 1), (tentacles), (large
bone plates 1), (poison resistance), regeneration 1, robust 1, noise suppression
a: End Transformation, Renounce Religion, Depart the Abyss, Bend Space, Banish,
Corrupt, Enter the Abyss


You were on level 14 of the Dungeon.
You worshipped Lugonu.
Lugonu was extremely pleased with you.
You were a creature of crystalline ice.
You visited 1 branch of the dungeon, and saw 15 of its levels.
You also visited: Bailey.

You collected 2181 gold pieces.

Inventory:

Hand Weapons
 L - a +0 halberd
   (You took it off a gnoll on level 9 of the Dungeon)
Missiles
 B - 2 atropa-tipped darts (quivered)
 U - a curare-tipped dart {!f}
Armour
 D - the +1 robe "Miagral" {rElec rPois}
   (You found it on level 6 of the Dungeon)

   rElec:     It insulates you from electricity.
   rPois:     It protects you from poison.
Jewellery
 a - a ring of flight (left front paw)
   (You found it on level 1 of the Dungeon)
 b - a ring of flight (right front paw)
   (You found it on level 1 of the Dungeon)
 l - a +4 ring of evasion (on tentacle)
   (You took it off a hobgoblin on level 4 of the Dungeon)
 o - a ring of positive energy (on tentacle)
   (You found it on level 3 of the Dungeon)
 y - an amulet of reflection (around neck)
   (You found it on level 5 of the Dungeon)
 C - a ring of protection from cold (on tentacle)
   (You found it on level 6 of the Dungeon)
 E - a ring of fire
   (You found it on level 12 of the Dungeon)
 G - a ring of protection from fire (on tentacle)
   (You found it on level 6 of the Dungeon)
 I - a ring of poison resistance
   (You found it on level 9 of the Dungeon)
 J - a ring of fire
   (You found it on level 4 of the Dungeon)
 P - an amulet of magic regeneration
   (You found it on level 10 of the Dungeon)
 S - a ring of willpower (on tentacle)
   (You found it on level 11 of the Dungeon)
 V - an amulet of regeneration
   (You found it on level 12 of the Dungeon)
Wands
 u - a wand of paralysis (8)
   (You found it on level 11 of the Dungeon)
 v - a wand of digging (3)
   (You took it off a centaur on level 9 of the Dungeon)
 x - a wand of acid (15)
   (You found it on level 6 of the Dungeon)
Scrolls
 f - 3 scrolls of enchant weapon
 h - a scroll of immolation {!r}
 n - 2 scrolls of fear {unknown}
 p - a scroll of silence {unknown}
 q - a scroll of summoning
 s - a scroll of vulnerability {!r}
 t - a scroll of holy word {unknown}
 w - a scroll of enchant armour
 K - a scroll of blinking
 Q - a scroll of torment {unknown}
 T - 3 scrolls of teleportation {@r4}
 W - a scroll of noise {unknown}
 Z - a scroll of identify {@r1}
Potions
 c - 5 potions of brilliance
 d - a potion of invisibility
 e - 2 potions of degeneration {!q}
 g - 4 potions of flight
 i - 3 potions of curing {@q1}
 j - 2 potions of haste {@q3}
 k - a potion of lignification {!q}
 m - a potion of cancellation {unknown}
 r - a potion of heal wounds {@q2}
 z - a potion of magic
 F - a potion of mutation {!q}
 M - a potion of berserk rage
 N - a potion of attraction {!q}
 O - a potion of ambrosia
 R - 2 potions of might {unknown}
Miscellaneous
 A - a tin of tremorstones (2/2)
   (You found it on level 5 of the Dungeon)
 H - a lightning rod (4/4) {!a}
   (You found it on level 8 of the Dungeon)
 X - a phial of floods
   (You found it on level 12 of the Dungeon)
 Y - a condenser vane
   (You found it on level 12 of the Dungeon)


   Skills:
 * Level 12.4 Fighting
 + Level 9.2 Dodging
 + Level 9.5 Unarmed Combat
 - Level 3.0 Spellcasting
 + Level 9.4 Transmutations
 + Level 8.3 Ice Magic
 - Level 2.0 Poison Magic
 + Level 9.6 Invocations


You had 4 spell levels left.
You knew the following spells:

 Your Spells              Type           Power      Damage    Failure   Level
a - Beastly Appendage     Tmut           84%        N/A       1%          1
b - Ice Form              Ice/Tmut       40%        N/A       3%          4
c - Ozocubu's Armour      Ice            38%        N/A       1%          3
d - Frozen Ramparts       Ice            76%        1d9       1%          3
x - Spider Form           Tmut/Pois      13%        N/A       3%          3

Your spell library contained the following spells:

 Spells                   Type           Power      Damage    Failure   Level
 Freeze                   Ice            100%       1d11      1%          1
 Sting                    Tmut/Pois      100%       1d8       1%          1
 Wereblood                Tmut           42%        N/A       1%          2
 Ensorcelled Hibernation  Hex/Ice        40%        N/A       3%          2
 Ignite Poison            Fire/Tmut/Pois 19%        N/A       9%          3
 Apportation              Tloc           6%         N/A       13%         1
 Corona                   Hex            3%         N/A       13%         1
 Poisonous Vapours        Pois/Air       14%        N/A       13%         2
 Hailstorm                Conj/Ice       20%        3d6       24%         4
 Mephitic Cloud           Conj/Pois/Air  5%         N/A       30%         3
 Tukima's Dance           Hex            3%         N/A       36%         3
 Olgreb's Toxic Radiance  Pois           11%        N/A       50%         4
 Animate Dead             Necr           1%         N/A       78%         4
 Alistair's Intoxication  Tmut/Pois      18%        N/A       34%         5
 Bolt of Magma            Conj/Fire/Erth 1%         4d4       98%         5
 Ozocubu's Refrigeration  Ice            19%        4d8       98%         7
 Conjure Ball Lightning   Conj/Air       1%         3x3d6     100%        6
 Death Channel            Necr           1%         N/A       100%        6
 Dispersal                Tloc           1%         N/A       100%        6
 Invisibility             Hex            1%         N/A       100%        6
 Haunt                    Necr/Summ      1%         N/A       100%        7
 Discord                  Hex            1%         N/A       100%        8
 Disjunction              Tloc           1%         N/A       100%        8
 Polar Vortex             Ice            19%        N/A       100%        9


Dungeon Overview and Level Annotations

Branches:
Dungeon (15/15)            Temple (0/1) D:4            Lair (0/6) D:9
    Orc (0/2) D:9          Bailey (visited)
 Vaults: D:13-14     Depths: D:15

Altars:
Ashenzari
Cheibriados
Elyvilon
Gozag
Kikubaaqudgha
Makhleb
Nemelex Xobeh
Okawaru
Ru
Uskayaw
Yredelemnul
The Shining One
Lugonu

Shops:
D:9 (

Annotations:
D:2 Sigmund
D:5 4 runed translucent doors
Abyss:1 askman's ghost, amateur DsFi


Innate Abilities, Weirdness & Mutations

You are a creature of crystalline ice.
You have a powerful freezing melee attack.
Your maximum health is increased.
Your armour is entirely melded.
You are incapable of wielding weapons or throwing items.
You cannot wear most types of armour.
You are amphibious.
You can wear up to eight rings at the same time.
((Your skin changes colour to match your surroundings (Stealth+).))
((Your rubbery body absorbs attacks. (AC +1, EV +1)))
((You are camouflaged near water. (Stealth+)))
((You have tentacles for arms and can constrict up to eight enemies at once.))
((You are partially covered in large bone plates. (SH +4)))
((Your system is resistant to poisons. (rPois)))
Your natural rate of healing is unusually fast.
You are robust. (+10% HP)
You passively dampen the noise of your surroundings.


Message History

The wall freezes the skeletal warrior.
The skeletal warrior resists.
The wall freezes the skeletal warrior.
The skeletal warrior hits you from afar with a +1 trident of venom!
The skeletal warrior resists.
The wall freezes the skeletal warrior.
You destroy the skeletal warrior!
Lugonu accepts your kill.
Your icy armour and frozen ramparts will break if you move.
Continue? [Y]es or [N]o only, please.
Your icy armour and frozen ramparts will break if you move.
Continue? [Y]es or [N]o only, please.
Your icy armour and frozen ramparts will break if you move.
Continue?
Your icy armour cracks and falls away as you move.
The frozen ramparts melt away as you move.
You feel sick.
You are no longer poisoned.
You block the skeletal warrior's attack.
The skeletal warrior hits you with a +1 trident of venom!!
You are poisoned.
You see here a +0 short sword.
You feel extremely sick.
The skeletal warrior hits you from afar with a +1 trident of venom!!
* * * LOW HITPOINT WARNING * * *
You feel very sick.
You feel very sick.
You feel very sick.
You feel sick.
You feel very sick.
You feel sick.
Aim: a skeletal warrior, wielding a +1 trident of venom (moderately damaged, chance to affect: 23%)
The skeletal warrior resists with almost no effort.
You feel sick.
The skeletal warrior hits you from afar with a +1 trident of venom!!
* * * LOW HITPOINT WARNING * * *
You feel sick.
You feel sick.
You feel sick.
You feel sick.
You feel sick.
You are no longer poisoned.
Found an escape hatch in the floor.
There is an escape hatch in the floor here.
Found an escape hatch in the ceiling.
A centaur warrior comes into view.
Found 17 gold pieces.
Found a stone staircase leading down.
The centaur warrior shouts!
You hear an angry buzzing noise.
The centaur warrior wields a +0 shortbow.
The centaur warrior shoots an arrow.
The arrow hits you!!
* * * LOW HITPOINT WARNING * * *
The centaur warrior shoots an arrow.
The arrow hits you!
You die...

#.###########.#
#.# #.# #.# #.#
#z# #z#######
#.# #.z..zz..
#z# ########z
#.# ........
##.########$#
#######.
#..z.Y..<..c.
........
########.....
...####. ... #.
. #. #. #. #.
#. #.


You could see a skeletal warrior and a centaur warrior.

Vanquished Creatures
  2 boulder beetles
  2 hydras
  An ogre mage (D:15)
  7 two-headed ogres
  3 death yaks (D:9)
  An orc high priest (Bailey)
  Nergalle (D:12)
  A skeletal warrior (D:14)
  An orc knight (Bailey)
  A deep elf pyromancer (D:12)
  An ugly thing (D:12)
  A manticore (D:12)
  6 cyclopes
  Joseph (D:10)
  2 gargoyles (D:12)
  An unseen horror (D:11)
  A kobold demonologist (Bailey)
  2 komodo dragons (D:12)
  A tengu conjurer (D:12)
  3 meliai (D:14)
  7 trolls
  Prince Ribbit (D:8)
  A hornet (D:9)
  12 slime creatures
  A shadow (D:9)
  13 yaks (D:8)
  3 wraiths
  2 wyverns
  2 vampires
  A steam dragon (D:9)
  6 vampire mosquitoes
  2 acid dragons (D:12)
  A water moccasin (D:7)
  A sky beast (D:8)
  16 orc warriors
  4 ogres
  4 centaurs
  4 kobold brigands
  2 gnoll sergeants
  A bullfrog (D:8)
  2 scorpions
  A water moccasin zombie (D:5)
  A water moccasin skeleton (D:4)
  6 killer bees (D:8)
  3 wights
  9 electric eels
  A bullfrog zombie (D:6)
  7 centaur zombies
  2 hounds (D:5)
  2 orc priests (D:8)
  2 bullfrog skeletons
  2 jellies
  2 iguanas (D:6)
  10 orc wizards
  A hell rat (D:9)
  2 centaur simulacra
  2 hound zombies (D:5)
  Robin (D:2)
  4 howler monkey zombies
  19 gnolls
  A howler monkey skeleton (D:6)
  10 adders
  A hound simulacrum (D:4)
  8 white imps
  An ufetubus (D:5)
  2 worms
  4 adder simulacra (D:4)
  2 dart slugs
  41 orcs
  3 endoplasms
  2 giant cockroaches (D:4)
  27 goblins
  14 hobgoblins
  8 jackals
  2 quokkas
  8 ball pythons
  4 bats
  5 frilled lizards
  21 kobolds
  3 rats
369 creatures vanquished.

Vanquished Creatures (collateral kills)
  A water moccasin (D:6)
  An ufetubus (D:6)
2 creatures vanquished.

Vanquished Creatures (others)
  A kobold demonologist (D:12)
  34 plants
  5 toadstools (D:3)
40 creatures vanquished.

Grand Total: 411 creatures vanquished

Notes
Turn   | Place    | Note
-------+----------+-------------------------------------------
     0 | D:1      | Brandom the Octopode Transmuter began the quest for the
                  | Orb.
     0 | D:1      | Reached XP level 1. HP: 13/13 MP: 3/3
    88 | D:1      | Reached XP level 2. HP: 6/18 MP: 3/5
   822 | D:1      | Reached XP level 3. HP: 22/24 MP: 4/6
   995 | D:1      | Found a faded altar of an unknown god.
  1003 | D:1      | Became a worshipper of Lugonu the Unformed
  1003 | D:1      | Reached * piety under Lugonu
  1003 | D:1      | Reached ** piety under Lugonu
  1625 | D:2      | Learned a level 3 spell: Spider Form
  1797 | D:2      | Noticed Robin
  1823 | D:2      | Killed Robin
  1824 | D:2      | Reached skill level 2 in Fighting
  1824 | D:2      | Reached XP level 4. HP: 18/29 MP: 4/7
  2585 | D:2      | Noticed Sigmund
  2723 | D:3      | Reached skill level 1 in Poison Magic
  2723 | D:3      | Reached skill level 1 in Invocations
  2723 | D:3      | Reached XP level 5. HP: 16/35 MP: 6/8
  2733 | D:3      | Learned a level 4 spell: Ice Form
  4054 | D:4      | Noticed askman's ghost (amateur DsFi)
  4072 | D:4      | Found a runed translucent gate.
  4072 | D:4      | Found a runed translucent gate.
  4072 | D:4      | Found a runed translucent gate.
  4574 | D:4      | Found a staircase to the Ecumenical Temple.
  4622 | D:4      | You are sucked into a shaft and drop 3 floors!
  4650 | D:7      | Noticed a wyvern
  4651 | D:7      | Noticed a water moccasin
  4670 | D:7      | Killed a wyvern
  4671 | D:7      | Reached skill level 3 in Fighting
  4671 | D:7      | Reached XP level 6. HP: 10/42 MP: 2/10
  4930 | D:6      | Reached *** piety under Lugonu
  4974 | D:6      | Reached XP level 7. HP: 29/47 MP: 9/11
  5181 | D:6      | Reached skill level 4 in Fighting
  5287 | D:6      | Gained mutation: You occasionally shout uncontrollably at
                  | your foes. [potion of mutation]
  5287 | D:6      | Gained mutation: You have a pair of small antennae on your
                  | head. [potion of mutation]
  5287 | D:6      | Gained mutation: You possess an exceptional clarity of
                  | mind. [potion of mutation]
  5289 | D:5      | Entered Level 5 of the Dungeon
  5301 | D:5      | Found a glowing golden altar of the Shining One.
  5799 | D:5      | Found a large runed translucent door.
  5849 | D:4      | Banished askman's ghost
  6122 | D:4      | Reached XP level 8. HP: 54/54 MP: 10/12
  6877 | D:4      | Lost mutation: You possess an exceptional clarity of mind.
                  | [potion of mutation]
  6877 | D:4      | Lost mutation: You have a pair of small antennae on your
                  | head. [potion of mutation]
  6877 | D:4      | Lost mutation: You occasionally shout uncontrollably at
                  | your foes. [potion of mutation]
  6877 | D:4      | Gained mutation: You are robust. (+10% HP) [potion of
                  | mutation]
  6877 | D:4      | Gained mutation: Your spells are a little harder to cast,
                  | but a little more powerful. [potion of mutation]
  6878 | D:4      | Lost mutation: Your spells are a little harder to cast, but
                  | a little more powerful. [potion of mutation]
  6878 | D:4      | Gained mutation: You are partially covered in large bone
                  | plates. (SH +4) [potion of mutation]
  6878 | D:4      | Gained mutation: You passively dampen the noise of your
                  | surroundings. [potion of mutation]
  6878 | D:4      | Gained mutation: Your system is resistant to poisons.
                  | (rPois) [potion of mutation]
  6878 | D:4      | Gained mutation: Your natural rate of healing is unusually
                  | fast. [potion of mutation]
  6947 | D:5      | Found a large runed translucent door.
  6952 | D:5      | Noticed a troll
  6959 | D:5      | Found a large runed translucent door.
  6959 | D:5      | Found a large runed translucent door.
  6993 | D:5      | Reached skill level 5 in Fighting
  7002 | D:5      | HP: 1/60 [acid (10)]
  7005 | D:5      | Reached skill level 1 in Ice Magic
  7607 | D:5      | Noticed a wyvern
  7617 | D:5      | Killed a wyvern
  7618 | D:5      | Reached skill level 5 in Unarmed Combat
  7849 | D:6      | Reached skill level 6 in Fighting
  7895 | D:6      | Reached XP level 9. HP: 68/68 MP: 13/13
  7899 | D:6      | Found an opulent altar of Gozag.
  7905 | D:6      | Identified the +1 robe "Miagral" {rElec rPois}
  8037 | D:6      | Found a white marble altar of Elyvilon.
  8247 | D:6      | Found a sparkling altar of Nemelex Xobeh.
  8540 | D:7      | Reached skill level 5 in Transmutations
  8650 | D:7      | Learned a level 3 spell: Ozocubu's Armour
  9069 | D:8      | Noticed a cyclops
  9082 | D:8      | Killed a cyclops
  9083 | D:8      | Reached skill level 7 in Fighting
  9083 | D:8      | Reached skill level 5 in Dodging
  9083 | D:8      | Reached skill level 5 in Invocations
  9201 | D:8      | Reached **** piety under Lugonu
  9348 | D:8      | Noticed a two-headed ogre
  9378 | D:8      | Noticed a two-headed ogre
  9427 | D:7      | Banished a two-headed ogre
  9428 | D:7      | Reached XP level 10. HP: 34/79 MP: 4/14
 10187 | D:8      | Reached skill level 8 in Fighting
 10536 | D:8      | Found a sacrificial altar of Ru.
 10567 | D:8      | Banished a two-headed ogre
 10669 | D:8      | Noticed Prince Ribbit
 10672 | D:8      | Found a hide-covered altar of Uskayaw.
 10681 | D:8      | Killed Prince Ribbit
 10979 | D:8      | Reached skill level 5 in Ice Magic
 10979 | D:8      | Reached XP level 11. HP: 39/85 MP: 6/15
 10990 | D:8      | Reached skill level 9 in Fighting
 11431 | D:9      | Found a staircase to the Orcish Mines.
 11477 | D:9      | Found a flagged portal.
 11495 | Bailey   | Entered a bailey
 11543 | Bailey   | Found an iron altar of Okawaru.
 11543 | Bailey   | Noticed an orc high priest
 11570 | Bailey   | Noticed a soul eater
 11617 | Bailey   | Noticed a soul eater
 11622 | Bailey   | Killed an orc high priest
 11747 | Bailey   | Reached ***** piety under Lugonu
 12034 | Bailey   | Noticed an orc knight
 12045 | Bailey   | Killed an orc knight
 12352 | Bailey   | Acquired 1066 gold pieces
 12379 | D:9      | Paralysed by a hornet for 1 turns
 12564 | D:9      | Noticed a death yak
 12565 | D:9      | Found a staircase to the Lair.
 12568 | D:9      | Noticed a death yak
 12568 | D:9      | Noticed a death yak
 12898 | D:9      | Killed a death yak
 12910 | D:9      | Killed a death yak
 12922 | D:9      | Killed a death yak
 12923 | D:9      | Reached skill level 10 in Fighting
 12931 | D:9      | Learned a level 3 spell: Frozen Ramparts
 12986 | D:9      | Found Botrus's Antique Weapon Shop.
 13001 | D:9      | Found an iron altar of Okawaru.
 13349 | D:10     | Entered Level 10 of the Dungeon
 13399 | D:10     | Found an ancient bone altar of Kikubaaqudgha.
 13458 | D:10     | Found a burning altar of Makhleb.
 13623 | D:10     | Found a snail-covered altar of Cheibriados.
 13624 | D:10     | Found a basalt altar of Yredelemnul.
 13624 | D:10     | Found a broken altar of Ashenzari.
 13666 | D:10     | Reached XP level 12. HP: 92/95 MP: 17/17
 13674 | D:10     | Noticed Joseph
 13683 | D:10     | Killed Joseph
 13903 | D:10     | Noticed a two-headed ogre
 13903 | D:10     | Noticed a boulder beetle
 13903 | D:10     | Noticed a two-headed ogre
 13911 | D:10     | Killed a two-headed ogre
 13913 | D:10     | Killed a two-headed ogre
 13941 | D:10     | Killed a boulder beetle
 15213 | D:12     | Noticed a two-headed ogre
 15223 | D:12     | Killed a two-headed ogre
 15224 | D:12     | Reached skill level 11 in Fighting
 15303 | D:12     | Noticed a fire dragon
 15304 | D:12     | Banished a fire dragon
 15904 | D:12     | Noticed Nergalle
 15975 | D:12     | Killed Nergalle
 16026 | D:12     | Noticed a boulder beetle
 16096 | D:12     | Killed a boulder beetle
 16097 | D:12     | Reached XP level 13. HP: 104/104 MP: 2/19
 16884 | D:12     | Reached skill level 12 in Fighting
 17101 | D:13     | You are sucked into a shaft and drop 2 floors!
 17101 | D:15     | Entered Level 15 of the Dungeon
 17933 | D:14     | Shot with an arrow by a centaur warrior

Illustrated notes

Levels and vault maps discovered:
D:1:      matt_arrival_grand_opening, layout_basic,
          shapermc_ecumenical_altar_hornbeckon
D:2:      layout_basic, uniq_natasha, uniq_robin, uniq_sigmund
D:3:      layout_loops_ring, minmay_crystal_room, minmay_gold_behind_fungi,
          minivault_5
D:4:      layout_loops_corners, temple_green, gammafunk_ghost_icy
D:5:      layout_cave_pods, kennysheep_mini_moat, minmay_hollow_rounded_squares
D:6:      layout_gridville, nicolae_elyvilon_temple_path,
          nicolae_gozag_cash_rules_everything_around_me, marbit_many_paths,
          corexii_shack, grunt_decor_junction
D:7:      layout_cave_pools, feat_on_display
D:8:      nzn_winding_woodlands_small [nzn_winding_woodlands_5x15_cabin,
          nzn_winding_woodlands_center_diamonds,
          nzn_winding_woodlands_5x15_pool], layout_cave_pods,
          nicolae_uskayaw_suspiria, general_overflow_altar,
          serial_bayou_lagoon_b, uniq_prince_ribbit1
D:9:      layout_basic, lemuel_doored_altar, dpeg_lair_monsters, serial_shops,
          nicolae_take_the_stairs, lightli_bailey_entry_fortress
D:10:     layout_loops_cross, overflow_temple_1_default,
          nicolae_kikubaaqudgha_miasma_corner,
          chequers_temple_overflow_statue_of_worship, uniq_joseph
D:11:     layout_loops_cross
D:12:     minmay_the_grid_4x2 [minmay_the_grid_holed_spiral,
          minmay_the_grid_embedded, minmay_the_grid_gridbox,
          minmay_the_grid_odd_star, minmay_the_grid_tree, minmay_the_grid_slots,
          minmay_the_grid_dragon_a,
          minmay_the_grid_prize_four_corners_diamond_a], layout_rooms,
          chequers_serial_rivers_room_b, uniq_nergalle
D:13:     layout_roguey, skrybe_vaults_entry_preservation,
          portal_ice_cave_demonic_guard
D:14:     layout_basic
D:15:     grunt_enter_depths_snipers, layout_basic, chequers_arboretum

Skill      XL: |  1  2  3  4  5  6  7  8  9 10 11 12 13 |
---------------+----------------------------------------+-----
Fighting       | 2 3 4 6 7 8 10 11 12 | 12.4
Poison Magic   | 1 2 |  2.0
Invocations    | 1 2 3 4 5 6 7 8 9 |  9.6
Transmutations | 3 4 5 6 7 8 9 |  9.4
Dodging        | 3 4 5 6 7 8 9 |  9.2
Unarmed Combat | 4 5 6 7 8 9 |  9.5
Spellcasting   | 3 |  3.0
Ice Magic      | 2 3 5 6 7 8 |  8.3

Action                   |  1- 3 |  4- 6 |  7- 9 | 10-12 | 13-15 || total
-------------------------+-------+-------+-------+-------+-------++-------
Melee: Unarmed           |    90 |   133 |   280 |   721 |   155 ||  1379
       Constrict         |    27 |    36 |    33 |    24 |       ||   120
       Tentacles         |    17 |    20 |    39 |    41 |       ||   117
       Kick              |    23 |    28 |    29 |       |       ||    80
       Punch             |     1 |     3 |     7 |     9 |       ||    20
 Cast: Beastly Appendage |    21 |    15 |    22 |       |       ||    58
       Spider Form       |       |     2 |     5 |       |       ||     7
       Ozocubu's Armour  |       |       |     5 |    14 |     7 ||    26
       Ice Form          |       |       |     4 |    48 |    15 ||    67
       Frozen Ramparts   |       |       |       |    14 |    10 ||    24
Invok: Banish            |       |       |     4 |     4 |     2 ||    10
       Bend Space        |       |       |       |     5 |     2 ||     7
Evoke: Tin of tremorston |       |       |       |     2 |       ||     2
       Lightning rod     |       |       |       |     1 |       ||     1
  Use: Scroll            |       |     4 |     5 |    11 |     3 ||    23
       Potion            |       |       |     3 |     1 |       ||     4
 Stab: Sleeping          |     7 |     4 |     5 |     4 |       ||    20
Armor: Skin              |     5 |    11 |    13 |   125 |    48 ||   202
Dodge: Dodged            |    55 |   102 |   165 |   487 |   114 ||   923
Block: Other             |       |       |    56 |   185 |    43 ||   284
       Reflection        |       |       |     3 |    10 |       ||    13

Table legend: (Time is in decaauts)
 A = Elapsed time spent in this place.
 B = Non-inter-level travel time spent in this place.
 C = Inter-level travel time spent in this place.
 D = Time resting spent in this place.
 E = Time spent auto-exploring this place.
 F = Levels seen in this place.
 G = Mean time per level.
                   A        B        C        D        E       F      G
               +--------+--------+--------+--------+--------+-----+--------+
         Total |  17773 |  17320 |    453 |   3173 |  10051 |  16 | 1110.8 |
       Dungeon |  16929 |  16476 |    453 |   3070 |   9670 |  15 | 1128.6 |
        Bailey |    843 |    843 |      0 |    103 |    381 |   1 |  843.0 |
               +--------+--------+--------+--------+--------+-----+--------+

Top non-repeatable levels by time:
     D:8: 2230 daAuts
    D:12: 1730 daAuts
     D:1: 1670 daAuts
     D:4: 1590 daAuts
     D:3: 1546 daAuts
     D:5: 1391 daAuts
     D:9: 1217 daAuts
    D:11: 1006 daAuts
    D:10: 947 daAuts
     D:2: 941 daAuts
     D:6: 932 daAuts
     D:7: 888 daAuts
  Bailey: 843 daAuts
    D:14: 518 daAuts
    D:15: 305 daAuts
